 Dungeon Crawl Stone Soup version 0.30-a0-862-g1aabd4f9c5 (webtiles) character file.

Game seed: 8370834350415946238

133 qeuew the Shield-Bearer (level 5, -1/42 HPs)
             Began as a Formicid Fighter on Mar 9, 2023.
             Was a Priest of Jiyva.
             Succumbed to a scorpion's poison
             ... on level 4 of the Dungeon.
             The game lasted 00:02:55 (2332 turns).

qeuew the Shield-Bearer (Formicid Fighter)          Turns: 2332, Time: 00:02:55

Health: -1/42      AC:  7    Str: 20    XL:     5   Next: 40%
Magic:  5/5        EV:  9    Int: 16    God:    Jiyva [***...]
Gold:   110        SH:  5    Dex: 11    Spells: 4/4 levels left

rFire   . . .      SeeInvis +    a - +0 trident
rCold   . . .      Faith    .    c - +0 buckler
rNeg    . . .      Spirit   .    b - +0 scale mail
rPois   .          Reflect  .    (helmet unavailable)
rElec   .          Rampage  .    (no cloak)
rCorr   +                        (no gloves)
Will    .....                    (no boots) Stlth
                                 (no amulet)
HPRegen 1.39/turn                (no ring)
MPRegen 0.44/turn                (no ring)

@: lethally poisoned (-1 -> -22)
A: permanent stasis, dig shafts and tunnels, antennae 3, four strong arms,
clever 2, jelly absorbing missiles, noise suppression
a: Dig, Shaft Self, Renounce Religion, Oozemancy


You were on level 4 of the Dungeon.
You worshipped Jiyva.
Jiyva was most pleased with you.
You visited 1 branch of the dungeon, and saw 4 of its levels.

You collected 110 gold pieces.

Inventory:

Hand Weapons
 a - a +0 trident (weapon)
Armour
 b - a +0 scale mail (worn)
 c - a +0 buckler (worn)
Potions
 d - 2 potions of might


   Skills:
 + Level 3.9 Fighting
 * Level 3.3 Polearms
 + Level 3.9 Armour
 + Level 1.5 Dodging
 + Level 4.7 Shields


You had 4 spell levels left.
You didn't know any spells.
Your spell library contained the following spells:

 Spells                   Type           Power      Damage    Failure   Level
 Foxfire                  Conj/Fire      0%         2x1d4     63%         1
 Summon Small Mammal      Summ           0%         N/A       63%         1
 Call Canine Familiar     Summ           0%         N/A       94%         3
 Summon Guardian Golem    Hex/Summ       0%         N/A       94%         3
 Fireball                 Conj/Fire      0%         3d3       100%        5
 Starburst                Conj/Fire      0%         6d3       100%        6


Dungeon Overview and Level Annotations

Branches:
Dungeon (4/15)
 Temple: D:4-7

Altars:
Vehumet
Jiyva

Annotations:
D:4 exclusion: statue


Innate Abilities, Weirdness & Mutations

You cannot be hasted, slowed, berserked, paralysed or teleported.
You can dig through walls and to a lower floor.
You have a pair of large antennae on your head. (SInv)
Your four strong arms can wield two-handed weapons with a shield.
Your mind is very acute. (Int +8, Str/Dex -2)
You have a small jelly attached to you that may absorb projectiles.
You passively dampen the noise of your surroundings.


Message History

You feel invigorated.
You feel very sick. The scorpion barely misses you. The scorpion stings you.
* * * LOW HITPOINT WARNING * * *
The scorpion completely misses you.
Unknown command.
You feel very sick. The scorpion closely misses you. The scorpion misses you.
The scorpion stings you but does no damage.
Unknown command.
The scorpion attacks as you move away! The scorpion closely misses you.
An orc comes into view. It is wielding a +0 short sword.
You feel very sick.
The orc shouts!
You hear a shout!
An orc priest comes into view. It is wielding a +0 hand axe.
Unknown command.
You miss the scorpion.
The scorpion is moderately wounded.
You feel less invigorated.
You feel less confused.
You feel very sick.
The orc priest shouts!
The scorpion closely misses you.
The scorpion stings you but does no damage.
An orc wizard comes into view. It is wielding a +0 dagger.
You puncture the scorpion!
The scorpion is severely wounded.
You feel sick. The scorpion stings you. You block the scorpion's attack.
The orc wizard mumbles some strange words.
The orc wizard flickers and vanishes for a moment.
The scorpion stings you.
* * * LOW HITPOINT WARNING * * *
You are more poisoned.
The scorpion poisons you! The scorpion stings you.
* * * LOW HITPOINT WARNING * * *
You are more poisoned.
The scorpion poisons you!
You hit the scorpion.
You kill the scorpion!
You die...

#.........#...........
#.........'...........
#.........#..........
##.....<.##..........
#.......##......##
####....##......#####
......##...........
..........s.........
..........@†........
.................
.................
...o.##..........
..... #.......... o.o.
#.......... ...
#......... ...
#........


You could see a scorpion, an orc priest, an orc wizard (invisible) and an orc.

Vanquished Creatures
  A scorpion (D:4)
  A hound (D:4)
  Jessica (D:3)
  3 adders
  3 dart slugs
  An orc (D:3)
  4 bats
  4 endoplasms (D:1)
  4 giant cockroaches
  2 goblins (D:1)
  4 hobgoblins
  3 quokkas
  4 ball pythons
  A frilled lizard (D:1)
  7 kobolds
  A rat (D:2)
44 creatures vanquished.

Vanquished Creatures (others)
  Robin (D:3)
  A worm (D:4)
  An endoplasm (D:4)
  An orc (D:4)
  A ball python (D:3)
  A giant cockroach (D:4)
  7 goblins (D:3)
  6 hobgoblins
  A quokka (D:3)
  2 kobolds
  A plant (D:2)
23 creatures vanquished.

Grand Total: 67 creatures vanquished

Notes
Turn   | Place    | Note
-------+----------+-------------------------------------------
     0 | D:1      | qeuew the Formicid Fighter began the quest for the Orb.
     0 | D:1      | Reached XP level 1. HP: 18/18 MP: 1/1
   108 | D:1      | Reached XP level 2. HP: 24/24 MP: 2/2
   383 | D:1      | Reached XP level 3. HP: 29/29 MP: 3/3
   686 | D:2      | Found a faded altar of an unknown god.
   697 | D:2      | Prayed at the altar of an unknown god.
   697 | D:2      | Became a worshipper of Jiyva Jiupsun the Shapeless
   697 | D:2      | Reached * piety under Jiyva
   878 | D:2      | Reached ** piety under Jiyva
   906 | D:2      | Reached skill level 1 in Dodging
  1109 | D:2      | You fall into a shaft and drop 2 floors!
  1125 | D:4      | Reached XP level 4. HP: 37/37 MP: 4/4
  1261 | D:3      | Killed Robin
  1505 | D:3      | Reached *** piety under Jiyva
  1505 | D:3      | Noticed Jessica
  1515 | D:3      | Killed Jessica
  1516 | D:3      | Reached XP level 5. HP: 39/42 MP: 5/5
  1623 | D:3      | Gained mutation: Your mind is acute. (Int +4, Str/Dex -1)
                  | [Jiyva's grace]
  1623 | D:3      | Gained mutation: Your mind is very acute. (Int +8, Str/Dex
                  | -2) [Jiyva's grace]
  1623 | D:3      | Gained mutation: You have a small jelly attached to you
                  | that may absorb projectiles. [Jiyva's grace]
  1623 | D:3      | Gained mutation: You passively dampen the noise of your
                  | surroundings. [Jiyva's grace]
  1790 | D:3      | Identified the +2 scale mail "Xoof Mox" {Int+4}
  2196 | D:4      | Found a radiant altar of Vehumet.
  2196 | D:4      | Noticed a charred statue
  2332 | D:4      | Succumbed to a scorpion's poison

Illustrated notes

Levels and vault maps discovered:
D:1:      doesnt_arrival_eight_statues, layout_loops_ring
D:2:      layout_rooms, ebering_ecumenical_altar_abandoned, serial_forest,
          infiniplex_forest_clump_medium, infiniplex_forest_zigzag_1,
          infiniplex_forest_zigzag_2, infiniplex_forest_end_2,
          infiniplex_forest_lined_2, infiniplex_forest_clump_C,
          infiniplex_forest_straight_3, infiniplex_forest_straight_2,
          infiniplex_forest_lined_3_way, infiniplex_forest_clump_diagonal,
          roderic_serpentine_path
D:3:      layout_loops_corners, uniq_jessica, uniq_robin
D:4:      layout_basic, vehumet_statue, lemuel_coloured_pillars_altar

Skill      XL: |  1  2  3 |
---------------+----------+-----
Dodging        | 1 |  1.5
Polearms       | 3 |  3.3
Fighting       | |  3.9
Armour         | |  3.9
Shields        | |  4.7

Action                     |  1- 3 |  4- 6 || total
---------------------------+-------+-------++-------
  Melee: Trident           |    98 |    52 ||   150
    Use: Scroll            |     3 |     2 ||     5
         Potion            |       |     4 ||     4
 Armour: Scale mail        |    29 |    24 ||    53
  Dodge: Dodged            |    42 |    21 ||    63
  Block: Buckler           |    20 |    12 ||    32

Table legend: (Time is in decaauts)
 A = Elapsed time spent in this place.
 B = Non-inter-level travel time spent in this place.
 C = Inter-level travel time spent in this place.
 D = Time resting spent in this place.
 E = Time spent auto-exploring this place.
 F = Levels seen in this place.
 G = Mean time per level.
                   A        B        C        D        E       F      G
               +--------+--------+--------+--------+--------+-----+--------+
         Total |   2361 |   2278 |     83 |      0 |   1912 |   4 |  590.2 |
       Dungeon |   2361 |   2278 |     83 |      0 |   1912 |   4 |  590.2 |
               +--------+--------+--------+--------+--------+-----+--------+

Top non-repeatable levels by time:
     D:3: 837 daAuts
     D:1: 692 daAuts
     D:2: 658 daAuts
     D:4: 173 daAuts
